 Dungeon Crawl Stone Soup version 0.29-a0-369-gd956c00756 (webtiles) character file.

Game seed: 8596902610218029093

90 frimble the Cutter (level 4, 0/41 HPs)
             Began as a Gnoll Cinder Acolyte on May 1, 2022.
             Was a High Priest of Ignis.
             Slain by an orc
             ... wielding a +0 mace
              (7 damage)
             ... on level 3 of the Dungeon.
             The game lasted 00:01:55 (2554 turns).

frimble the Cutter (Gnoll Cinder Acolyte)           Turns: 2554, Time: 00:01:55

Health: 0/41       AC:  3    Str: 13    XL:     4   Next: 56%
Magic:  8/8        EV: 11    Int: 15    God:    Ignis [*****.]
Gold:   167        SH:  0    Dex:  8    Spells: 9/9 levels left

rFire   + . .      SeeInvis .   i - +3 dagger (speed)
rCold   . . .      Faith    .   (no shield)
rNeg    . . .      Spirit   .   b - +0 robe
rPois   .          Reflect  .   (no helmet)
rElec   .          Harm     .   (no cloak)
rCorr   .          Rampage  .   (no gloves)
Will    .....                   p - +0 pair of boots
Stlth   +.........              (no amulet)
HPRegen 0.13/turn               (no ring)
MPRegen 0.11/turn               (no ring)

@: no status effects
A: fangs 1, strong nose, distributed training
a: Renounce Religion, Fiery Armour, Foxfire Swarm, Rising Flame


You were on level 3 of the Dungeon.
You worshipped Ignis.
Ignis was extremely pleased with you.
You visited 1 branch of the dungeon, and saw 3 of its levels.

You collected 167 gold pieces.

Inventory:

Hand Weapons
 a - a -1 short sword of flaming
 h - a +0 quarterstaff
 i - a +3 dagger of speed (weapon)
Armour
 b - a +0 robe (worn)
 l - a +0 buckler
 p - a +0 pair of boots (worn)
Scrolls
 c - a scroll of immolation {unknown}
 e - 2 scrolls of noise {unknown}
 f - 3 scrolls of identify {unknown}
 g - a scroll of fog {unknown}
 j - a scroll of teleportation {unknown}
 k - a scroll of vulnerability {unknown}
 m - a scroll of enchant weapon {unknown}
 n - a scroll of fear {unknown}
Potions
 d - 2 potions of curing
 o - a potion of attraction {unknown}


   Skills:
 + Level 6.6 Fighting
 + Level 6.6 Short Blades
 + Level 1.2 Long Blades
 + Level 1.2 Axes
 + Level 1.2 Maces & Flails
 + Level 1.2 Polearms
 + Level 1.2 Staves
 + Level 1.2 Slings
 + Level 1.2 Bows
 + Level 1.2 Crossbows
 + Level 1.2 Throwing
 + Level 1.2 Armour
 + Level 1.2 Dodging
 + Level 1.2 Stealth
 + Level 1.2 Shields
 + Level 1.2 Unarmed Combat
 + Level 3.0 Spellcasting
 + Level 1.0 Conjurations
 + Level 1.0 Hexes
 + Level 1.0 Summonings
 + Level 1.0 Necromancy
 + Level 1.0 Translocations
 + Level 1.0 Transmutations
 + Level 5.5 Fire Magic
 + Level 1.0 Ice Magic
 + Level 1.0 Air Magic
 + Level 1.0 Earth Magic
 + Level 1.0 Poison Magic
 + Level 1.3 Invocations
 + Level 1.2 Evocations


You had 9 spell levels left.
You didn't know any spells.
Your spell library contained the following spells:

 Spells                   Type           Power      Damage    Failure   Level
 Scorch                   Fire           36%        2d6       3%          2


Dungeon Overview and Level Annotations

Branches:
Dungeon (3/15)

Altars:
Xom


Innate Abilities, Weirdness & Mutations

You have very sharp teeth.
Your uncanny sense of smell can sniff out nearby items.
Your experience applies equally to all skills.


Message History

The magic dart hits you!
You hit something but do no damage. You miss something.
You hear some strange, mumbled words.
A puff of flame appears from out of thin air!
The puff of flame hits you. You resist.
You closely miss something. You miss something.
You hear some strange, mumbled words.
A magic dart appears from out of thin air!
The magic dart hits you!
* * * LOW HITPOINT WARNING * * *
You miss something. You hit something but do no damage.
Something hits you but does no damage.
It was a potion of curing.
You feel better.
You hear some strange, mumbled words.
A puff of flame appears from out of thin air!
The puff of flame hits you. You resist.
* * * LOW HITPOINT WARNING * * *
You hit something.
Reactivating autopickup.
You feel a bit more experienced.
Your Spellcasting skill increases to level 3!
Your Conjurations skill increases to level 1!
Your Hexes skill increases to level 1!
Your Summonings skill increases to level 1!
Your Necromancy skill increases to level 1!
Your Translocations skill increases to level 1!
Your Transmutations skill increases to level 1!
Your Ice Magic skill increases to level 1!
Your Air Magic skill increases to level 1!
Your Earth Magic skill increases to level 1!
Your Poison Magic skill increases to level 1!
The orc barely misses you.
Things that are here:
a +0 dagger; a +0 robe; an orc corpse You hit the orc.
The orc is heavily wounded.
The orc hits you with a +0 mace!
You die...

#...........##∆
#.##............
#.###.#####.#
#.##.##.###.#
#...........#
####.##.##.## #
#.##.# #.##)#
#.##@# ..##o#
####.# #.# #.# ∆
..# ###


You could see an orc.

Vanquished Creatures
  An orc wizard (D:3)
  2 adders (D:2)
  A dart slug (D:2)
  A worm (D:3)
  An orc (D:3)
  3 endoplasms
  4 giant cockroaches
  2 goblins
  5 hobgoblins
  2 jackals (D:2)
  3 quokkas
  5 ball pythons
  2 bats (D:1)
  3 frilled lizards
  2 kobolds (D:1)
  4 rats
41 creatures vanquished.

Notes
Turn   | Place    | Note
-------+----------+-------------------------------------------
     0 | D:1      | frimble the Gnoll Cinder Acolyte began the quest for the
                  | Orb.
     0 | D:1      | Reached XP level 1. HP: 23/23 MP: 4/4
   323 | D:1      | Reached XP level 2. HP: 28/29 MP: 5/5
   666 | D:1      | Found a faded altar of an unknown god.
   993 | D:1      | Reached XP level 3. HP: 27/35 MP: 7/7
  1372 | D:2      | Found a shimmering altar of Xom.
  1430 | D:2      | Reached skill level 1 in Invocations
  1702 | D:2      | Reached skill level 1 in Long Blades
  1702 | D:2      | Reached skill level 1 in Axes
  1702 | D:2      | Reached skill level 1 in Maces & Flails
  1702 | D:2      | Reached skill level 1 in Polearms
  1702 | D:2      | Reached skill level 1 in Staves
  1702 | D:2      | Reached skill level 1 in Slings
  1702 | D:2      | Reached skill level 1 in Bows
  1702 | D:2      | Reached skill level 1 in Crossbows
  1702 | D:2      | Reached skill level 1 in Throwing
  1702 | D:2      | Reached skill level 1 in Armour
  1702 | D:2      | Reached skill level 1 in Dodging
  1702 | D:2      | Reached skill level 1 in Stealth
  1702 | D:2      | Reached skill level 1 in Shields
  1702 | D:2      | Reached skill level 1 in Unarmed Combat
  1702 | D:2      | Reached skill level 1 in Evocations
  1829 | D:2      | Reached XP level 4. HP: 31/41 MP: 8/8
  2553 | D:3      | Reached skill level 1 in Conjurations
  2553 | D:3      | Reached skill level 1 in Hexes
  2553 | D:3      | Reached skill level 1 in Summonings
  2553 | D:3      | Reached skill level 1 in Necromancy
  2553 | D:3      | Reached skill level 1 in Translocations
  2553 | D:3      | Reached skill level 1 in Transmutations
  2553 | D:3      | Reached skill level 1 in Ice Magic
  2553 | D:3      | Reached skill level 1 in Air Magic
  2553 | D:3      | Reached skill level 1 in Earth Magic
  2553 | D:3      | Reached skill level 1 in Poison Magic
  2554 | D:3      | Slain by an orc

Illustrated notes

Levels and vault maps discovered:
D:1:      wander_arrival_peaceful_grave, layout_loops_corners,
          basic_ecumenical_altar, chequers_hall_statues_y
D:2:      layout_loops_ring, basic_altar
D:3:      layout_loops_ring, uniq_crazy_yiuf_cottage, uniq_sigmund, uniq_jessica

Skill      XL: |  1  2  3  4 |
---------------+-------------+-----
Invocations    | 1 |  1.3
Long Blades    | 1 |  1.2
Axes           | 1 |  1.2
Maces & Flails | 1 |  1.2
Polearms       | 1 |  1.2
Staves         | 1 |  1.2
Slings         | 1 |  1.2
Bows           | 1 |  1.2
Crossbows      | 1 |  1.2
Throwing       | 1 |  1.2
Armour         | 1 |  1.2
Dodging        | 1 |  1.2
Stealth        | 1 |  1.2
Shields        | 1 |  1.2
Unarmed Combat | 1 |  1.2
Evocations     | 1 |  1.2
Spellcasting   | 3 |  3.0
Conjurations   | 1 |  1.0
Hexes          | 1 |  1.0
Summonings     | 1 |  1.0
Necromancy     | 1 |  1.0
Translocations | 1 |  1.0
Transmutations | 1 |  1.0
Ice Magic      | 1 |  1.0
Air Magic      | 1 |  1.0
Earth Magic    | 1 |  1.0
Poison Magic   | 1 |  1.0
Fighting       | |  6.6
Short Blades   | |  6.6
Fire Magic     | |  5.5

Action                   |  1- 3 |  4- 6 || total
-------------------------+-------+-------++-------
Melee: Short sword       |    29 |       ||    29
       Bite              |    13 |     2 ||    15
       Dagger            |   105 |    46 ||   151
       Punch             |       |     2 ||     2
  Use: Potion            |       |     1 ||     1
 Stab: Sleeping          |     1 |     2 ||     3
Armor: Robe              |    16 |     3 ||    19
Dodge: Dodged            |    45 |     5 ||    50

Table legend: (Time is in decaauts)
 A = Elapsed time spent in this place.
 B = Non-inter-level travel time spent in this place.
 C = Inter-level travel time spent in this place.
 D = Time resting spent in this place.
 E = Time spent auto-exploring this place.
 F = Levels seen in this place.
 G = Mean time per level.
                   A        B        C        D        E       F      G
               +--------+--------+--------+--------+--------+-----+--------+
         Total |   2463 |   2367 |     96 |      0 |   2117 |   3 |  821.0 |
       Dungeon |   2463 |   2367 |     96 |      0 |   2117 |   3 |  821.0 |
               +--------+--------+--------+--------+--------+-----+--------+

Top non-repeatable levels by time:
     D:1: 1238 daAuts
     D:2: 1146 daAuts
     D:3: 78 daAuts
